 Dungeon Crawl Stone Soup version 0.21.1-1-g345015f (webtiles) character file.

63 Inchmeat the Digger (level 4, -3/24 HPs)
             Began as a Gargoyle Earth Elementalist on May 21, 2018.
             Slain by a killer bee (7 damage)
             ... on level 2 of the Dungeon.
             The game lasted 00:04:53 (1284 turns).

Inchmeat the Digger (Gargoyle Earth Elementalist)   Turns: 1284, Time: 00:04:53

Health: -3/24      AC: 12    Str: 12    XL:     4   Next: 9%
Magic:  1/7        EV: 18    Int: 16    God:
Gold:   55         SH:  0    Dex: 10    Spells: 6/7 levels left

rFire    . . .     SeeInvis .   (weapon currently unavailable)
rCold    . . .     Gourm    .   (shield currently unavailable)
rNeg     + + +     Faith    .   (armour currently unavailable)
rPois    ∞         Spirit   .   (helmet currently unavailable)
rElec    .         Reflect  .   (cloak currently unavailable)
rCorr    .         Harm     .   (gloves currently unavailable)
MR       .....                  (boots currently unavailable)
Stlth    ++........             (no amulet)
HPRegen  0.08/turn              (no ring)
MPRegen  0.10/turn              (no ring)

@: fungus-form (expiring), very slightly contaminated, invisible
A: tiny, negative energy resistance 1, petrification resistance, rot immunity,
AC +3
a: no special abilities


You were on level 2 of the Dungeon.
You were near starving.
You were a sentient fungus.
You visited 1 branch of the dungeon, and saw 2 of its levels.

You collected 55 gold pieces.

Inventory:

Hand Weapons
 f - a +0 short sword (melded)
Missiles
 b - 15 stones (quivered)
Armour
 c - a +0 robe (melded)
 l - a +0 scale mail
Scrolls
 g - a scroll of enchant weapon {unknown}
 i - 2 scrolls of teleportation {unknown}
 j - a scroll of enchant armour {unknown}
 k - a scroll of fear {unknown}
 m - 2 scrolls of identify {@r1}
Potions
 h - a potion of cancellation
Books
 e - a book of Geomancy

   Spells                             Type                      Level
   a - Sandblast                      Earth                        1
   b - Passwall                       Transmutation/Earth          2
   c - Stone Arrow                    Conjuration/Earth            3
   d - Petrify                        Transmutation/Earth          4
   e - Lee's Rapid Deconstruction     Earth                        5
Comestibles
 d - 2 rations


   Skills:
 - Level 1.5 Dodging
 - Level 2.1 Stealth
 - Level 2.0 Spellcasting
   Level 0.7 Transmutations
 + Level 5.9 Earth Magic


You had 6 spell levels left.
You knew the following spells:

 Your Spells              Type           Power        Failure   Level  Hunger
a - Sandblast             Erth           ###...       1%          1    #......


Dungeon Overview and Level Annotations

Branches:
Dungeon (2/15)

Altars:


Innate Abilities, Weirdness & Mutations

You are resistant to torment.
((Your stone body is resilient. (AC +3)))
You are immune to poison.
You resist negative energy. (rN+)
((You are resistant to electric shocks. (rElec)))
((You can survive without breathing.))
You are immune to petrification.
You are immune to rotting.


Message History

Tha killer bee stin's ye but does nay damage. x2
Ye barely miss tha killer bee.
Tha killer bee be moderately wounded.
Yer transformation be almost o'er.
Tha killer bee stin's ye.
Tha killer bee closely misses ye.
Tha killer bee stin's ye.
* * * LOW HITPOINT WARNIN'
* * * Yer too terrified ta move while bein' watched!
Unknown command.
It was a potion o' invisibility.
Ye fade inta invisibility!
Tha killer bee barely misses ye.
Tha killer bee stin's ye but does nay damage.
Tha killer bee closely misses ye.
Tha killer bee misses ye.
Ye be very lightly contaminated wit' residual magic.
Yer too terrified ta move while bein' watched!
Ye barely miss tha killer bee.
Tha killer bee be moderately wounded.
Tha killer bee stin's ye!
Ye die...

###....###
#.$.$....
#....# #g# #)#
#)# #(### #)yy#
# ###f# #. #.#
.###.
#.###)##..>.^
#.........#
#.###.......#
#.....###...##
#####.# #......
#.###.#.###
#.....#.#######


You could see 2 killer bees.

Vanquished Creatures
  Robin (D:2)
  An ooze (D:1)
  2 dart slugs (D:1)
  A leopard gecko (D:1)
  A ball python (D:1)
  4 bats (D:1)
  14 goblins
  4 hobgoblins
  A jackal (D:2)
  2 frilled lizards (D:1)
  4 kobolds
  4 rats (D:1)
39 creatures vanquished.

Notes
Turn   | Place    | Note
-------+----------+-------------------------------------------
     0 | D:1      | Inchmeat the Gargoyle Earth Elementalist began the quest for the Orb.
     0 | D:1      | Reached XP level 1. HP: 10/10 MP: 3/3
    27 | D:1      | Reached skill level 4 in Earth Magic
   296 | D:1      | Reached XP level 2. HP: 15/15 MP: 1/5
   479 | D:1      | Reached skill level 5 in Earth Magic
   479 | D:1      | Reached XP level 3. HP: 12/19 MP: 6/6
  1228 | D:2      | Noticed Robin
  1235 | D:2      | Noticed a killer bee
  1276 | D:2      | Noticed a killer bee
  1276 | D:2      | Killed Robin
  1276 | D:2      | Reached XP level 4. HP: 14/24 MP: 1/7
  1284 | D:2      | Slain by a killer bee

Skill      XL: |  1  2 |
---------------+-------+-----
Earth Magic    | 4 5 |  5.9
Dodging        | |  1.5
Stealth        | |  2.1
Spellcasting   | |  2.0
Transmutations | |  0.7

Action                   |  1- 3 |  4- 6 || total
-------------------------+-------+-------++-------
Melee: Unarmed           |    15 |     7 ||    22
       Short sword       |    85 |       ||    85
 Cast: Sandblast         |    21 |       ||    21
  Use: Scroll            |     2 |       ||     2
       Potion            |     1 |     1 ||     2
 Stab: Sleeping          |     2 |       ||     2
Armor: Robe              |    45 |       ||    45
       Skin              |       |     4 ||     4
Dodge: Dodged            |    70 |    10 ||    80
